AoeStats
← _Orca_

Black Forest

507273295Analyzed
4v4 RM · 13d ago on Sep 17, 2026· 45m 0s· 8 players
Game mode
Random Map
Map size
Large (8 player)
Population
200
Speed
Normal
Resources
Standard
Victory
Conquest
Starting age
Dark Age
Ending age
Imperial Age
RankedLock teamsTeams togetherTeam positionsShared explorationLock speedFull tech treeHidden civsTurbo modeCheats
Victory
Defeat
🇧🇩 Ethiopians · Bangladesh
1355
+15
🇩🇪 Persians · Germany
1347
+15
🇩🇪 Saracens · Germany
1329
+16
🇬🇧 Maya · United Kingdom
1320
+16
🇨🇳 Turks · China
1374
-18
🇨🇳 Shu · China
1330
-16
🇦🇷 Persians · Argentina
1299
-14
🇹🇼 Portuguese · Taiwan
1296
-14
Calum1Ltv
0:26 Loom
9:25 Feudal Age
11:06 Fletching
14:41 Double-Bit Axe
24:44 Wheelbarrow
27:19 Castle Age
28:24 Bow Saw
34:13 Hand Cart
37:55 Imperial Age
36:29 Fortified Wall
36:34 Masonry
36:05 Treadmill Crane
36:46 Gold Mining
36:48 Stone Mining
38:10 Bodkin Arrow
39:32 Architecture
39:39 Forging
39:30 Scale Mail Armor
39:30 Bracer
40:28 Conscription
40:40 Padded Archer Armor
40:26 Elite Plumed Archer
42:18 Coinage
41:41 Capped Ram
42:43 Leather Archer Armor
43:30 Chain Mail Armor
43:26 Siege Ram
44:53 Ring Archer Armor
45:30 Ballistics
46:10 Chemistry
Demshredz
1:48 Loom
10:57 Feudal Age
15:15 Castle Age
13:33 Horse Collar
13:43 Double-Bit Axe
15:13 Wheelbarrow
15:42 Heavy Plow
16:25 Bow Saw
22:03 Bloodlines
22:49 Husbandry
23:05 Scale Barding Armor
24:28 Chain Barding Armor
24:49 Forging
27:57 Iron Casting
27:58 Stone Mining
28:33 Gold Mining
29:32 Fletching
31:58 Hand Cart
35:25 Imperial Age
33:38 Gold Shaft Mining
33:43 Stone Shaft Mining
33:57 Scale Mail Armor
33:56 Pikeman
34:37 Squires
34:22 Arson
35:41 Chain Mail Armor
35:03 Cavalier
36:29 Conscription
35:34 Halberdier
37:08 Caravan
38:19 Two-Man Saw
38:46 Crop Rotation
39:10 Plate Barding Armor
39:35 Blast Furnace
40:03 Savar
44:49 Elite War Elephant
Szorinx
1:18 Loom
16:32 Feudal Age
20:49 Castle Age
18:43 Horse Collar
18:50 Double-Bit Axe
23:25 Bow Saw
23:17 Heavy Plow
24:19 Wheelbarrow
29:26 Hand Cart
33:06 Imperial Age
33:01 Scale Barding Armor
33:06 Forging
33:15 Bloodlines
33:06 Husbandry
34:02 Chain Barding Armor
33:40 Elite Mameluke
34:40 Conscription
35:22 Iron Casting
36:33 Gold Mining
36:33 Stone Mining
37:22 Plate Barding Armor
37:47 Blast Furnace
38:16 Two-Man Saw
36:51 Onager
38:09 Siege Onager
39:24 Counterweights
40:00 Siege Engineers
40:56 Chemistry
40:18 Ballistics
39:51 Fletching
43:02 Hoardings
42:40 Masonry
42:32 Bodkin Arrow
41:59 Siege Onager
44:46 Bracer
_Orca_
6:42 Loom
10:16 Feudal Age
12:42 Fletching
15:14 Double-Bit Axe
24:05 Castle Age
22:24 Horse Collar
22:36 Gold Mining
24:10 Crossbowman
24:57 Bodkin Arrow
25:27 Thumb Ring
25:47 Padded Archer Armor
25:50 Town Watch
26:45 Ballistics
29:57 Wheelbarrow
31:21 Bow Saw
36:37 Imperial Age
36:10 Hand Cart
36:12 Masonry
35:58 Murder Holes
38:34 Two-Man Saw
38:08 Arbalester
40:09 Bracer
40:25 Leather Archer Armor
41:13 Chemistry
44:21 Elite Skirmisher
45:36 Ring Archer Armor
lobo
1:21 Loom
12:36 Feudal Age
13:07 Horse Collar
13:14 Double-Bit Axe
20:51 Castle Age
20:06 Gold Mining
21:42 Bow Saw
23:44 Scale Mail Armor
25:45 Bloodlines
26:15 Scale Barding Armor
27:16 Forging
28:36 Wheelbarrow
30:34 Chain Barding Armor
31:00 Hand Cart
31:37 Town Watch
32:55 Stone Mining
37:45 Imperial Age
37:03 Scale Mail Armor
37:38 Iron Casting
alex1993327
0:28 Loom
12:57 Feudal Age
19:31 Castle Age
21:13 Double-Bit Axe
25:05 Horse Collar
26:36 Heavy Plow
26:51 Bow Saw
33:50 Imperial Age
32:58 Wheelbarrow
35:23 Elite Organ Gun
43:08 Two-Man Saw
42:27 Hand Cart
43:20 Siege Engineers
xrw
1:23 Loom
13:18 Feudal Age
31:32 Wheelbarrow
35:33 Castle Age
34:02 Double-Bit Axe
35:19 Horse Collar
cuilao8123
7:15 Loom
11:52 Feudal Age
12:19 Horse Collar
12:26 Double-Bit Axe
16:32 Wheelbarrow
19:03 Castle Age
17:14 Gold Mining
18:13 Fletching
18:23 Padded Archer Armor
20:04 Bow Saw
20:20 Hand Cart
20:13 Bodkin Arrow
20:34 Leather Archer Armor
19:44 Crossbowman
21:02 Heavy Plow
25:45 Stone Mining
27:44 Thumb Ring
29:19 Gold Shaft Mining
31:43 Imperial Age
29:41 Ballistics
30:32 Masonry
31:26 Squires
31:11 Gambesons
31:12 Arson
31:59 Forging
31:50 Scale Mail Armor
33:38 Chemistry
32:47 Bracer
33:18 Ring Archer Armor
32:21 Arbalester
33:40 Chain Mail Armor
34:55 Conscription
35:45 Two-Man Saw
35:32 Coiled Serpent Array
38:40 Plate Mail Armor
37:55 Elite White Feather Guard
38:36 Bolt Magazine
Connection lost

Rejoining the realm…

Still unreachable

The connection could not be restored.

Session expired

The server has moved on; the page needs a fresh start.